 Dungeon Crawl Stone Soup version 0.30.0-19-g36f170ea60 (webtiles) character file.

Game seed: 5616487090075744017

1271 belegose the Sneak (level 8, -4/41 HPs)
             Began as a Gargoyle Earth Elementalist on May 27, 2023.
             Was an Initiate of Hepliaklqana.
             Slain by a two-headed ogre
             ... wielding a +0 giant club
              (15 damage)
             ... on level 7 of the Dungeon.
             The game lasted 00:41:47 (7042 turns).

belegose the Sneak (Gargoyle Earth Elementalist)    Turns: 7042, Time: 00:41:47

Health: -4/41      AC: 13    Str: 11    XL:     8   Next: 53%
Magic:  14/14      EV: 31    Int: 19    God:    Hepliaklqana [......]
Gold:   345        SH:  0    Dex: 10    Spells: 12/16 levels left

rFire   . . .        b - +3 sling (freeze)
rCold   . . .        (no shield)
rNeg    + . .        y - +0 robe
rPois   ∞            (no helmet)
rElec   +            (no cloak)
rCorr   .            u - +0 pair of gloves
SInv    .            H - +0 pair of boots
Will    .....        t - amulet of the acrobat
Stlth   +++          z - +5 ring of evasion
HPRegen 0.26/turn    F - +4 ring of protection
MPRegen 0.14/turn

%: acrobat
@: acrobatic
A: sickness immunity, AC +5, negative energy resistance 1, electricity
resistance, torment resistance 1, petrification resistance
a: Renounce Religion


You were on level 7 of the Dungeon.
You worshipped Hepliaklqana.
Hepliaklqana was noncommittal.
You visited 2 branches of the dungeon, and saw 8 of its levels.

You collected 345 gold pieces.

Inventory:

Hand Weapons
 a - a +3 dagger
 b - a +3 sling of freezing (weapon)
 n - a +0 scimitar
 v - a +0 trident
Missiles
 m - 49 stones
 r - 5 boomerangs
 C - a throwing net
Armour
 k - a +0 ring mail
 u - a +0 pair of gloves (worn)
 y - a +0 robe (worn)
 H - a +0 pair of boots (worn)
Jewellery
 l - a ring of protection from cold
 p - a ring of fire
 t - an amulet of the acrobat (around neck)
 x - a +6 ring of intelligence
 z - a +5 ring of evasion (left hand)
 F - a +4 ring of protection (right hand)
 L - a ring of see invisible
Wands
 w - a wand of mindburst (5)
 K - a wand of roots (6)
Scrolls
 c - a scroll of vulnerability {unknown}
 h - 2 scrolls of blinking
 o - 2 scrolls of teleportation {unknown}
 q - a scroll of enchant weapon {unknown}
 s - 4 scrolls of identify
 A - a scroll of fear {unknown}
 B - a scroll of brand weapon {unknown}
 E - a scroll of immolation {unknown}
 J - a scroll of noise {unknown}
 M - a scroll of summoning {unknown}
 O - a scroll of fog {unknown}
 P - 2 scrolls of acquirement {unknown}
Potions
 d - 4 potions of flight
 e - 3 potions of might {unknown}
 f - 8 potions of curing {unknown}
 g - 2 potions of degeneration {unknown}
 i - a potion of haste {unknown}
 j - a potion of berserk rage {unknown}
 D - 2 potions of lignification {unknown}
 G - a potion of ambrosia {unknown}
 I - 2 potions of brilliance {unknown}
 N - a potion of magic


   Skills:
 - Level 1.5 Dodging
 - Level 5.8 Stealth
 - Level 4.5 Spellcasting
 - Level 3.4 Conjurations
 - Level 1.0 Transmutations
 - Level 5.3 Earth Magic
 + Level 4.4 Invocations
 + Level 3.6 Evocations


You had 12 spell levels left.
You knew the following spells:

 Your Spells              Type           Power      Damage    Failure   Level
a - Sandblast             Erth           48%        2d12      1%          1
b - Stone Arrow           Conj/Erth      40%        3d9       6%          3

Your spell library contained the following spells:

 Spells                   Type           Power      Damage    Failure   Level
 Magic Dart               Conj           68%        1d6       3%          1
 Passwall                 Tmut/Erth      13%        N/A       5%          2
 Call Imp                 Summ           8%         N/A       21%         2
 Ensorcelled Hibernation  Hex/Ice        8%         N/A       21%         2
 Lesser Beckoning         Tloc           8%         N/A       21%         2
 Mephitic Cloud           Conj/Pois/Air  8%         N/A       24%         3
 Spider Form              Tmut/Pois      6%         N/A       32%         3
 Petrify                  Tmut/Erth      16%        N/A       34%         4
 Gell's Gravitas          Tloc           4%         N/A       36%         3
 Teleport Other           Tloc           4%         N/A       36%         3
 Leda's Liquefaction      Hex/Erth       7%         N/A       41%         4
 Borgnjor's Vile Clutch   Necr/Erth      7%         N/A       77%         5
 Anguish                  Hex/Necr       2%         N/A       78%         4
 Iron Shot                Conj/Erth      10%        9d3       97%         6
 Summon Forest            Summ/Tloc      2%         N/A       98%         5
 Summon Mana Viper        Hex/Summ       4%         N/A       98%         5
 Summon Cactus Giant      Summ           2%         N/A       100%        6


Dungeon Overview and Level Annotations

Branches:
Dungeon (7/15)             Temple (1/1) D:6

Altars:
Cheibriados
Gozag
Hepliaklqana
Kikubaaqudgha
Makhleb
Okawaru
Ru
Vehumet
Wu Jian
Xom

Shops:
D:4 [


Innate Abilities, Weirdness & Mutations

You are immune to sickness and miasma.
Your stone body is resilient. (AC +5)
You are immune to poison.
You resist negative energy. (rN+)
You are resistant to electric shocks. (rElec)
You are resistant to unholy torment.
You are immune to petrification.


Message History

The gargoyle is severely damaged.
Unknown command.
Aiming: Mindburst
Press: ? - help, Shift-Dir - straight line, f/p - gargoyle
Aim: a gargoyle, wielding a +0 morningstar (severely damaged, chance to affect: 58%)
The gargoyle resists with significant effort.
The gargoyle hits you with a +0 morningstar!
Aiming: Mindburst
Press: ? - help, Shift-Dir - straight line, f/p - gargoyle
Aim: a gargoyle, wielding a +0 morningstar (severely damaged, chance to affect: 58%)
The gargoyle's mind is blasted!!
You blow up the gargoyle!
Your Invocations skill increases to level 4!
Your Evocations skill increases to level 3!
You see here a +0 morningstar.
There is a stone staircase leading down here.
m - 49 stones (gained 6)
You see here a +0 halberd.
Unknown command.
You start resting.
Magic restored.
You start resting.
HP restored.
There is a stone staircase leading down here.
You climb downwards.
The two-headed ogre hits you with a +0 giant club!
The two-headed ogre closely misses you.
The two-headed ogre hits you with a +0 giant spiked club!
The two-headed ogre closely misses you.
There is a stone staircase leading up here.
Unknown command.
The two-headed ogre attacks as you move away!
The two-headed ogre closely misses you.
The two-headed ogre hits you with a +0 dire flail!
* * * LOW HITPOINT WARNING * * *
There is an open door here.
The two-headed ogre attacks as you move away!
The two-headed ogre completely misses you.
The two-headed ogre hits you with a +0 dire flail!
You die...

#.............#
#.##.##########
#.........#######
....................#
......######.######$####
.#.... #............
##... #<###.###### ....
#.# #.# ###.#
#####@###.####. #.
#....OO........
#......<.......
#..............
#..............
#..............
#..............#
#..............
#..............


You could see 2 two-headed ogres.

Vanquished Creatures
  A gargoyle (D:6)
  A black bear (D:6)
  An ogre (D:5)
  A phantom (D:4)
  Blork the orc (D:5)
  A gnoll sergeant (D:5)
  A gnoll bouda (D:6)
  A hound (D:4)
  3 orc priests
  A sleepcap (D:5)
  2 iguanas
  4 orc wizards
  9 gnolls
  5 adders
  4 worms
  7 dart slugs
  13 orcs
  8 bats
  4 endoplasms
  5 goblins
  10 hobgoblins
  4 jackals (D:3)
  4 quokkas
  7 ball pythons
  4 frilled lizards
  9 kobolds
  6 rats
117 creatures vanquished.

Notes
Turn   | Place    | Note
-------+----------+-------------------------------------------
     0 | D:1      | belegose the Gargoyle Earth Elementalist began the quest
                  | for the Orb.
     0 | D:1      | Reached XP level 1. HP: 10/10 MP: 3/3
    94 | D:1      | You fall into a shaft and drop 1 floor!
   171 | D:1      | Found a faded altar of an unknown god.
   209 | D:1      | Reached XP level 2. HP: 7/15 MP: 1/5
   210 | D:1      | Reached skill level 1 in Transmutations
   730 | D:1      | Reached XP level 3. HP: 16/19 MP: 6/6
  1571 | D:2      | Reached XP level 4. HP: 24/24 MP: 7/7
  2380 | D:3      | Reached skill level 5 in Earth Magic
  2380 | D:3      | Reached XP level 5. HP: 14/28 MP: 9/9
  3426 | D:3      | Learned a level 3 spell: Stone Arrow
  3435 | D:4      | Got the Omnibus of Oromancy
  3464 | D:4      | Noticed a phantom
  3467 | D:4      | Killed a phantom
  3468 | D:4      | Reached skill level 1 in Conjurations
  3468 | D:4      | Reached XP level 6. HP: 27/32 MP: 6/11
  3690 | D:4      | Found Kaejauf's Antique Armour Emporium.
  3902 | D:4      | Found a sacrificial altar of Ru.
  4176 | D:5      | Entered Level 5 of the Dungeon
  4229 | D:5      | Reached skill level 5 in Stealth
  4229 | D:5      | Reached XP level 7. HP: 36/36 MP: 7/13
  4533 | D:5      | Noticed Blork the orc
  4554 | D:5      | Killed Blork the orc
  4982 | D:6      | Found a snail-covered altar of Cheibriados.
  5168 | D:6      | Found an iron altar of Okawaru.
  5231 | D:6      | Found a staircase to the Ecumenical Temple.
  5260 | Temple   | Entered the Ecumenical Temple
  5391 | Temple   | Became a worshipper of Hepliaklqana the Forgotten
  5989 | D:6      | Reached skill level 1 in Invocations
  6010 | D:6      | Reached skill level 1 in Evocations
  6405 | D:7      | Noticed a gargoyle
  6703 | D:6      | Reached XP level 8. HP: 41/41 MP: 6/14
  6790 | D:7      | Noticed a two-headed ogre
  6790 | D:7      | Noticed a two-headed ogre
  6938 | D:6      | Killed a gargoyle
  7042 | D:7      | Slain by a two-headed ogre

Illustrated notes

Levels and vault maps discovered:
D:1:      saegor_arrival_simple_d, layout_rooms,
          dreamdust_ecumenical_altar_grove, nicolae_hexahallways
D:2:      layout_loops_corners, st_stairs_6, kennysheep_generic_room_16
D:3:      layout_basic
D:4:      layout_cave_pools, nicolae_ru_the_path_less_chosen, serial_shops,
          nicolae_shop_statue_plus
D:5:      layout_rooms, nicolae_figureground_sparkle, uniq_blork_the_orc
D:6:      layout_loops_corners, nicolae_overflow_crystal_walls,
          okawaru_metal_pillars_3, minmay_temple_entry_sparse_star
D:7:      layout_basic, zin_scriptorium, nicolae_dithmenos_shadow_blocks,
          gammafunk_temple_overflow_elements, dilly_guarded_unrand_devastator
Temple:   nicolae_temple_superstar

Skill      XL: |  1  2  3  4  5  6  7  8 |
---------------+-------------------------+-----
Earth Magic    | 4 5 |  5.3
Transmutations | 1 |  1.0
Stealth        | 3 4 5 |  5.8
Spellcasting   | 3 4 |  4.5
Conjurations   | 1 2 3 |  3.4
Invocations    | 2 4 |  4.4
Evocations     | 2 3 |  3.6
Dodging        | |  1.5

Action                     |  1- 3 |  4- 6 |  7- 9 || total
---------------------------+-------+-------+-------++-------
  Melee: Unarmed           |    17 |       |       ||    17
         Short sword       |    98 |    60 |       ||   158
         Dagger            |       |    13 |     1 ||    14
         Punch             |       |     1 |       ||     1
   Fire: Sling             |       |       |     7 ||     7
  Throw: Stone             |     1 |       |       ||     1
         Boomerang         |       |    15 |     4 ||    19
   Cast: Sandblast         |    16 |    52 |    42 ||   110
         Stone Arrow       |       |       |    14 ||    14
  Evoke: Wand              |       |     2 |     5 ||     7
    Use: Scroll            |       |       |     3 ||     3
   Stab: Sleeping          |    11 |    10 |     1 ||    22
 Armour: Robe              |    32 |    22 |     8 ||    62
  Dodge: Dodged            |    61 |    54 |    40 ||   155
